 Dungeon Sprint DCSS version 0.22.1-1-ga44c0e5 (webtiles) character file.

105 aMcNicky the Spear-Bearer (level 4, -5/47 HPs)
             Began as a Minotaur Fighter on Nov 10, 2018.
             Killed from afar by a deep elf mage (26 damage)
             ... with a bolt of lightning
             ... in the Dungeon (Sprint III: "The Ten Rune Challenge").
             The game lasted 00:01:36 (180 turns).

aMcNicky the Spear-Bearer (Minotaur Fighter)         Turns: 180, Time: 00:01:37

Health: -5/47      AC:  8    Str: 27    XL:     4   Next: 54%
Magic:  3/3        EV:  7    Int:  5    God:
Gold:   24         SH: 10    Dex:  9    Spells: 3/3 levels left

rFire    . . .     SeeInvis .   a - +0 trident
rCold    . . .     Gourm    .   c - +0 shield
rNeg     . . .     Faith    .   b - +0 scale mail
rPois    .         Spirit   .   (helmet restricted)
rElec    .         Reflect  .   j - +0 cloak
rCorr    .         Harm     .   (no gloves)
MR       .....     NoTele   +   (no boots)
Stlth    ..........             (no amulet)
HPRegen  0.15/turn              (no ring)
MPRegen  0.08/turn              (no ring)

@: mighty, hasted, very quick
A: retaliatory headbutt, horns 2
a: no special abilities


You were in the Dungeon.
You were not hungry.

You visited 1 branch You collected 24 gold pieces.

Inventory:

Hand Weapons
 a - a +0 trident (weapon)
Armour
 b - a +0 scale mail (worn)
 c - a +0 shield (worn)
 j - a +0 cloak (worn)
Scrolls
 k - a scroll of blinking
 n - a scroll of holy word {unknown}
 p - 3 scrolls of remove curse {@r2}
Potions
 e - a potion of curing {@q1}
 g - 2 potions of heal wounds {@q2}
 h - a potion of haste {@q3}
 i - 2 potions of magic
 m - 4 potions of mutation
 q - a potion of flight
 s - a potion of lignification
Comestibles
 f - 3 rations {@e1}
 l - a chunk of flesh


   Skills:
 + Level 7.2 Fighting
 * Level 9.2 Polearms
 - Level 3.6 Armour
 - Level 3.6 Shields


You had 3 spell levels left.
You didn't know any spells.
Your spell library was empty.

Dungeon Overview and Level Annotations

Branches:
Dungeon (1/1)

Altars:
Elyvilon
Zin
The Shining One


Innate Abilities, Weirdness & Mutations

You reflexively headbutt those who attack you in melee.
You have a pair of horns on your head.


Message History

You feel stronger.
There is an open door to the Ecumenical Temple here.
You open the door.
Found a glowing silver altar of Zin.
A deep elf mage comes into view.
It is wielding a long sword of holy wrath.
The deep elf mage shouts!
Found a potion of curing.
Found two altars.
There is an open door here.
Attack whom?
Press: ? - help, Dir - move target cursor, f - deep elf mage
Aim: a deep elf mage, wielding a long sword of holy wrath You reach to attack!
You puncture the deep elf mage!
The deep elf mage is moderately wounded.
The deep elf mage gestures at you while chanting.
The bolt of lightning hits you!
Ouch! That really hurt!
* * * LOW HITPOINT WARNING * * *
The bolt of lightning hits you!
Ouch! That really hurt!
You die...

▓▓▓▓ ▓▓▓ )..####
##.#####
......#####..#___#
.......#..#..#e..#
#.##...#?.#..###@#+###+
#.###..##'#..#..........
##.##..###...'.⌠........
..##..####...#...######+
..##..###....#.⌠.#
.##...##.....#...#
##....#.)....#+###
##..##.#.....# #..
####....#


You could see a deep elf mage.

Vanquished Creatures
  A water elemental (D)
  Crazy Yiuf (D)
  A human (D)
  An ooze (D)
  3 rats (D)
7 creatures vanquished.

Vanquished Creatures (others)
  2 draconian scorchers (D)
  5 hellions (D)
  A plant (D)
8 creatures vanquished.

Grand Total: 15 creatures vanquished

Notes
Turn   | Place    | Note
-------+----------+-------------------------------------------
     0 | D        | aMcNicky the Minotaur Fighter began the quest for the Orb.
     0 | D        | Reached XP level 1. HP: 19/19 MP: 0/0
     8 | D        | Reached skill level 4 in Polearms
    57 | D        | Reached skill level 5 in Fighting
    57 | D        | Reached skill level 6 in Polearms
    57 | D        | Reached XP level 2. HP: 29/29 MP: 1/1
    68 | D        | Killed a hellion
    69 | D        | Killed a hellion
   129 | D        | Killed a hellion
   137 | D        | Noticed Crazy Yiuf
   140 | D        | Killed Crazy Yiuf
   140 | D        | Reached skill level 7 in Polearms
   140 | D        | Reached XP level 3. HP: 37/37 MP: 2/2
   160 | D        | Killed a white draconian scorcher
   161 | D        | Killed a white draconian scorcher
   167 | D        | Killed a hellion
   171 | D        | Killed a hellion
   172 | D        | Noticed a water elemental
   174 | D        | Killed a water elemental
   174 | D        | Reached skill level 9 in Polearms
   174 | D        | Reached XP level 4. HP: 47/47 MP: 3/3
   178 | D        | Found a glowing silver altar of Zin.
   179 | D        | Found a glowing golden altar of the Shining One.
   179 | D        | Found a white marble altar of Elyvilon.
   179 | D        | Noticed a deep elf mage
   180 | D        | Killed from afar by a deep elf mage

Skill      XL: |  1  2  3 |
---------------+----------+-----
Fighting       | 5 6 7 |  7.2
Polearms       | 6 7 9 |  9.2
Armour         | |  3.6
Shields        | |  3.6

Action                   |  1- 3 |  4- 6 || total
-------------------------+-------+-------++-------
Melee: Trident           |    22 |     1 ||    23
       Headbutt          |     1 |       ||     1
  Use: Potion            |     3 |       ||     3
       Scroll            |     3 |       ||     3
Armor: Scale mail        |     2 |       ||     2
Dodge: Dodged            |     3 |       ||     3
Block: Shield            |     7 |       ||     7
